 Dungeon Crawl Stone Soup version 0.31-a0-185-g9dded2c639 (webtiles) character file.

Game seed: 11233558645621020850

880 qw the Skirmisher (level 7, -1/40 HPs)
             Began as a Deep Elf Hunter on June 22, 2023.
             Slain by a hound (5 damage)
             ... on level 5 of the Dungeon.
             The game lasted 00:01:48 (4108 turns).

qw the Skirmisher (Deep Elf Hunter)                 Turns: 4108, Time: 00:01:48

Health: -1/40      AC:  7    Str: 10    XL:     7   Next: 75%
Magic:  9/9        EV: 13    Int: 14    God:
Gold:   171        SH:  0    Dex: 18    Spells: 6/6 levels left

rFire   + . .        f - +0 orcbow
rCold   . . .        (shield currently unavailable)
rNeg    . . .        g - +2 leather armour {rF+}
rPois   .            (no helmet)
rElec   .            i - +0 cloak
rCorr   .            (no gloves)
SInv    .            a - +0 pair of boots
Will    .....        (no amulet)
Stlth   ++           (no ring)
HPRegen 0.26/turn    (no ring)
MPRegen 0.11/turn

%: no passive effects
@: no status effects
A: no striking features
a: no special abilities


You were on level 5 of the Dungeon.
You visited 1 branch of the dungeon, and saw 5 of its levels.

You collected 171 gold pieces.


   Skills:
 - Level 2.0 Fighting
 + Level 11.6 Ranged Weapons
 - Level 1.4 Armour
 - Level 4.0 Dodging
 - Level 1.2 Stealth


You had 6 spell levels left.
You didn't know any spells.
Your spell library was empty.

Inventory:

Hand Weapons
 f - a +0 orcbow (weapon)
Armour
 a - a +0 pair of boots (worn)
 d - a +0 ring mail
 g - a +2 leather armour of fire resistance (worn)
 i - a +0 cloak (worn)
Scrolls
 c - a scroll of identify
Potions
 b - a potion of haste
 e - a potion of resistance {unknown}
 h - a potion of ambrosia {unknown}

Dungeon Overview and Level Annotations

Branches:
Dungeon (5/15)
 Temple: D:4-7

Altars:
Dithmenos
Yredelemnul

Shops:
D:2 :   D:5 *

Annotations:
D:4 3 runed translucent doors, qw's ghost, weakling GrFi
D:5 exclusion: gnoll sergeant


Message History

The gnoll closely misses you. The orc closely misses you.
The gnoll sergeant hits you from afar with a +0 spear.
You shoot an arrow. The arrow hits the orc!
You kill the orc!
You hear a shout!
The gnoll sergeant hits you but does no damage.
The gnoll closely misses you. The hound bites you but does no damage.
You shoot an arrow. The arrow closely misses the hound.
The arrow hits the adder.
The adder is lightly wounded.
The gnoll sergeant hits you from afar with a +0 spear.
The gnoll closely misses you. The hound barely misses you.
You shoot an arrow. The arrow closely misses the hound.
The arrow hits the adder!
You kill the adder!
The hound bites you but does no damage.
The gnoll sergeant hits you from afar with a +0 spear!
The gnoll closely misses you. The gnoll barely misses you.
The hound barely misses you.
You shoot an arrow. The arrow barely misses the hound.
The arrow hits the jackal.
The jackal is moderately wounded.
The gnoll sergeant hits you from afar with a +0 spear!
The gnoll closely misses you. The gnoll hits you but does no damage.
The hound closely misses you.
You shoot an arrow. The arrow barely misses the hound.
The arrow closely misses the jackal.
The hound bites you.
The gnoll sergeant hits you from afar with a +0 spear.
The gnoll closely misses you. The gnoll misses you. The hound misses you.
You shoot an arrow. The arrow misses the hound.
The arrow hits the jackal!
You kill the jackal!
The gnoll sergeant hits you from afar with a +0 spear.
The gnoll misses you.
The gnoll hits you from afar with a +0 spear.
The hound bites you.
You shoot an arrow. The arrow hits the hound.
The hound is moderately wounded.
The hound bites you.
You die...

#.#.# ###..... g
#...# ### #..#.. .
..
#.#.##.[##.#.##..
#.
g##.#..#....#..##..
.. ...........#.
##. #. #.#....# .
#.. .g #gg..### ###
#g##......#
#oh@.##...#
......##.#....#
.##.#.##......#
.............# #
#.##......#
.........## #
###.....##
#.####....#.#
..........#.#


You could see a gnoll sergeant, a hound, 3 gnolls and an orc.

Vanquished Creatures
  An orc warrior (D:5)
  A sky beast (D:5)
  A centaur (D:5)
  3 scorpions
  A jelly (D:3)
  2 iguanas
  Ijyb (D:4)
  2 orc wizards
  Natasha (D:2)
  A hound zombie (D:4)
  A howler monkey zombie (D:4)
  2 gnolls
  11 adders
  An ufetubus (D:4)
  2 worms
  7 dart slugs
  16 orcs
  6 endoplasms
  5 giant cockroaches
  3 goblins
  5 hobgoblins
  7 jackals
  3 quokkas
  2 ball pythons
  5 bats
  3 frilled lizards
  2 kobolds
  4 rats
99 creatures vanquished.

Notes
Turn   | Place    | Note
-------+----------+-------------------------------------------
     0 | D:1      | qw the Deep Elf Hunter began the quest for the Orb.
     0 | D:1      | Reached XP level 1. HP: 12/12 MP: 3/3
     0 | D:1      | 0 ||| qw: Version: 0.3-a-9-g12657ce
     0 | D:1      | 0 ||| qw: Game counter: 1711
     0 | D:1      | 0 ||| qw: Always use a shield: true
     0 | D:1      | 0 ||| qw: God list: Okawaru
     0 | D:1      | 0 ||| qw: Allow faded altars: false
     0 | D:1      | 0 ||| qw: Do Orc after D:15 true
     0 | D:1      | 0 ||| qw: Do second Lair branch before Depths: true
     0 | D:1      | 0 ||| qw: Lair rune preference: random
     0 | D:1      | 0 ||| qw: Plans: Normal
     0 | D:1      | 0 ||| PLANNING D:1-11
    65 | D:1      | Reached skill level 6 in Ranged Weapons
    65 | D:1      | Reached XP level 2. HP: 16/16 MP: 4/4
   577 | D:1      | 577 ||| READING scroll labelled NEEPHIXZUICY.
   678 | D:1      | 678 ||| READING scroll labelled ATYXKO CAUDIRA.
   709 | D:1      | 709 ||| READING scroll labelled SUOFISONLINK.
   710 | D:1      | 710 ||| READING scroll labelled UFAKOU LIABAFECEU.
   711 | D:1      | 711 ||| DRINKING 2 inky potions.
   712 | D:1      | 712 ||| DRINKING 2 brown potions.
   817 | D:1      | 817 ||| DROPPING scroll of butterflies.
   818 | D:1      | 818 ||| DROPPING potion of attraction.
   819 | D:1      | 819 ||| DROPPING potion of berserk rage.
   881 | D:2      | Reached XP level 3. HP: 20/20 MP: 5/5
   988 | D:2      | Found Hayjops's Book Boutique.
  1199 | D:2      | Reached skill level 7 in Ranged Weapons
  1370 | D:2      | Noticed Natasha
  1378 | D:2      | Killed Natasha
  1379 | D:2      | Reached XP level 4. HP: 16/25 MP: 6/6
  1563 | D:2      | 1563 ||| UPGRADING to +0 pair of boots.
  1568 | D:2      | 1568 ||| UPGRADING to +0 ring mail.
  1578 | D:2      | 1578 ||| DROPPING +0 leather armour.
  1579 | D:2      | 1579 ||| UPGRADING to +0 cloak.
  1584 | D:2      | 1584 ||| READING scroll labelled QUIP PACIAZ.
  1585 | D:2      | 1585 ||| DROPPING potion of invisibility.
  1604 | D:3      | 1604 ||| STAIRDANCE
  1657 | D:3      | 1657 ||| STAIRDANCE
  1776 | D:3      | Reached skill level 8 in Ranged Weapons
  1787 | D:3      | 1787 ||| FLEEEEING.
  1788 | D:3      | 1788 ||| FLEEEEING.
  1789 | D:3      | 1789 ||| FLEEEEING.
  1790 | D:3      | 1790 ||| FLEEEEING.
  1791 | D:3      | 1791 ||| FLEEEEING.
  1792 | D:3      | 1792 ||| FLEEEEING.
  1793 | D:3      | 1793 ||| FLEEEEING.
  1794 | D:3      | 1794 ||| FLEEEEING.
  1795 | D:3      | 1795 ||| FLEEEEING.
  1796 | D:3      | 1796 ||| FLEEEEING.
  1797 | D:3      | 1797 ||| FLEEEEING.
  1798 | D:3      | 1798 ||| FLEEEEING.
  1801 | D:3      | 1801 ||| FLEEEEING.
  1802 | D:3      | 1802 ||| FLEEEEING.
  1803 | D:3      | 1803 ||| FLEEEEING.
  1837 | D:3      | Found a shadowy altar of Dithmenos.
  1976 | D:3      | Reached XP level 5. HP: 29/29 MP: 7/7
  2519 | D:3      | 2519 ||| READING scroll labelled FOPIUV SOM UKO.
  2520 | D:3      | 2520 ||| READING scroll labelled NIOGRE DEINOGO.
  2521 | D:3      | 2521 ||| READING scroll labelled ANNEARCH QOUGH.
  2522 | D:3      | 2522 ||| READING scroll labelled TIX UDOFU.
  2525 | D:3      | 2525 ||| READING scroll labelled ECUJYE GAMEMN.
  2526 | D:3      | 2526 ||| DRINKING 2 fuming clear potions.
  2527 | D:3      | 2527 ||| DROPPING potion of magic.
  2568 | D:4      | Reached skill level 9 in Ranged Weapons
  2757 | D:4      | Reached skill level 1 in Armour
  2757 | D:4      | Reached XP level 6. HP: 28/35 MP: 8/8
  2784 | D:4      | 2784 ||| FLEEEEING.
  2881 | D:4      | Noticed Ijyb
  2902 | D:4      | Killed Ijyb
  3258 | D:4      | Found a runed translucent gate.
  3258 | D:4      | Found a runed translucent gate.
  3258 | D:4      | Found a runed translucent gate.
  3258 | D:4      | Noticed qw's ghost (weakling GrFi)
  3260 | D:4      | 3260 ||| UPGRADING to +2 leather armour of fire resistance.
  3290 | D:4      | Found a basalt altar of Yredelemnul.
  3501 | D:4      | 3501 ||| READING 2 scrolls labelled PUTZEIL VOREL.
  3502 | D:4      | 3502 ||| READING scroll labelled SAIXIM UFAU.
  3503 | D:4      | 3503 ||| DRINKING 2 bubbling black potions.
  3504 | D:4      | 3504 ||| DRINKING 2 blue potions.
  3549 | D:4      | 3549 ||| DROPPING potion of lignification.
  3560 | D:5      | Entered Level 5 of the Dungeon
  3570 | D:5      | Found Roteo's General Store.
  3618 | D:5      | 3618 ||| SHOPLISTING wand of digging (4) (201 gold, have
                  | 152).
  3635 | D:5      | 3635 ||| SWAPPING to +0 orcbow.
  3636 | D:5      | 3636 ||| DROPPING +1 shortbow.
  3660 | D:5      | Noticed a sky beast
  3669 | D:5      | Killed a sky beast
  3670 | D:5      | Reached skill level 10 in Ranged Weapons
  3670 | D:5      | Reached XP level 7. HP: 30/40 MP: 9/9
  3737 | D:5      | HP: 10/40 [adder (2)]
  3738 | D:5      | 3738 ||| DRINKING potion of heal wounds.
  3746 | D:5      | Reached skill level 11 in Ranged Weapons
  4085 | D:5      | 4085 ||| Stepping ~*~*~tactically~*~*~ (outnumbered).
  4094 | D:5      | 4094 ||| READING 2 scrolls of identify.
  4094 | D:5      | 4094 ||| IDENTIFYING fizzy ruby potion
  4100 | D:5      | HP: 8/40 [gnoll sergeant/+0 spear (3)]
  4101 | D:5      | 4101 ||| DRINKING potion of heal wounds.
  4107 | D:5      | HP: 7/40 [gnoll/+0 spear[a gnoll sergeant] (5)]
  4108 | D:5      | Slain by a hound

Levels and vault maps discovered:
D:1:      minmay_arrival_open_corners, layout_basic, nicolae_grassy_gnolls
D:2:      layout_basic, serial_shops, nicolae_shop_waterfront, uniq_natasha
D:3:      layout_basic, nicolae_dithmenos_the_darkroom,
          dreamdust_princess_bridge, kennysheep_generic_room_2
D:4:      layout_cave_pools, nicolae_yredelemnul_ghost_church,
          chequers_serial_rivers_micro_a, nicolae_titane, uniq_ijyb
D:5:      layout_cave_pools, nicolae_hepliaklqana_ecumenical_no_more,
          serial_shops, shop, minmay_diced_spiral

Skill      XL: |  1  2  3  4  5  6  7 |
---------------+----------------------+-----
Ranged Weapons | 6 7 8 9 10 11 | 11.6
Fighting       | 2 |  2.0
Armour         | 1 |  1.4
Dodging        | 4 |  4.0
Stealth        | |  1.2

Action                     |  1- 3 |  4- 6 |  7- 9 || total
---------------------------+-------+-------+-------++-------
   Fire: Shortbow          |    90 |   202 |       ||   292
         Orcbow            |       |     9 |    72 ||    81
    Use: Scroll            |     4 |     8 |     1 ||    13
         Potion            |     2 |     3 |     2 ||     7
 Armour: Leather armour    |     8 |     7 |    17 ||    32
         Ring mail         |       |    38 |       ||    38
         Skin              |       |     1 |       ||     1
  Dodge: Dodged            |    21 |    58 |    45 ||   124

Table legend:
 A = Non-vault XP
 B = Vault XP
 C = Vault XP percentage of total XP
 D = Non-vault monster count
 E = Vault monster count
 F = Vault count percentage of total count
                 A         B        C        D         E       F
            +---------+---------+-------+---------+---------+-------
      Total |    1129 |     129 |  10.3 |      89 |      10 |  10.1
            +---------+---------+-------+---------+---------+-------
        D:1 |      17 |      14 |  45.2 |      10 |       1 |   9.1
        D:2 |      60 |      35 |  36.8 |      21 |       1 |   4.5
        D:3 |     131 |       3 |   2.2 |      17 |       3 |  15.0
        D:4 |     292 |      72 |  19.8 |      24 |       3 |  11.1
        D:5 |     629 |       5 |   0.8 |      17 |       2 |  10.5
            +---------+---------+-------+---------+---------+-------
